 Dungeon Crawl Stone Soup version 0.31-a0-441-g867994ef1c (webtiles) character file.

Game seed: 4090128588807940807

477 Newt the Skirmisher (level 7, -7/44 HPs)
             Began as a Kobold Hunter on Aug 2, 2023.
             Mangled by an iguana (13 damage)
             ... on level 4 of the Dungeon.
             The game lasted 00:02:56 (3314 turns).

Newt the Skirmisher (Kobold Hunter)                 Turns: 3314, Time: 00:02:56

Health: -7/44      AC:  3    Str:  8    XL:     7   Next: 33%
Magic:  7/7        EV: 14    Int: 10    God:
Gold:   181        SH:  0    Dex: 21    Spells: 6/6 levels left

rFire   . . .        a - +0 shortbow
rCold   . . .        (shield currently unavailable)
rNeg    . . .        c - +0 leather armour
rPois   .            (no helmet)
rElec   .            (no cloak)
rCorr   .            (no gloves)
SInv    .            (no boots)
Will    .....        e - amulet of the acrobat
Stlth   +++          (no ring)
HPRegen 0.27/turn    (no ring)
MPRegen 0.10/turn

%: acrobat
@: no status effects
A: small, no large weapons, nightstalker 3
a: no special abilities


You were on level 4 of the Dungeon.
You visited 1 branch of the dungeon, and saw 5 of its levels.

You collected 181 gold pieces.

Inventory:

Hand Weapons
 a - a +0 shortbow (weapon)
Armour
 c - a +0 leather armour (worn)
 i - a +0 ring mail of fire resistance
Jewellery
 d - an amulet of magic regeneration
 e - an amulet of the acrobat (around neck)
Wands
 j - a wand of flame (17)
Scrolls
 b - a scroll of butterflies
Potions
 f - 3 potions of brilliance
 g - a potion of degeneration
 h - 2 potions of enlightenment


   Skills:
 - Level 5.0 Fighting
 + Level 9.4 Ranged Weapons
 - Level 2.4 Dodging
 - Level 1.3 Stealth


You had 6 spell levels left.
You didn't know any spells.
Your spell library contained the following spells:

 Spells                   Type           Power      Damage    Failure   Level
 Ensorcelled Hibernation  Hex/Ice        0%         N/A       63%         2
 Anguish                  Hex/Necr       0%         N/A       99%         4


Dungeon Overview and Level Annotations

Branches:
Dungeon (5/15)
 Temple: D:4-7

Altars:
Elyvilon
Nemelex Xobeh
Xom
Zin

Shops:
D:3 *

Annotations:
D:2 1 runed translucent door, Crazy Yiuf


Innate Abilities, Weirdness & Mutations

You are small and have problems with some larger weapons.
You are completely attuned to the shadows.


Message History

The orc wizard gestures at you while chanting.
The puff of flame misses you. The orc wizard casts a spell at you.
You resist with some effort. The giant cockroach closely misses you.
The orc wizard misses you. The gnoll completely misses you.
Unknown command.
The orc wizard attacks as you move away!
The orc wizard misses you.
The orc wizard casts a spell.
The orc wizard flickers and vanishes!
Deactivating autopickup; reactivate with Ctrl-A.
The gnoll barely misses you.
You shoot an arrow. The arrow hits the giant cockroach.
You kill the giant cockroach!
The gnoll attacks as you move away! The gnoll hits you with a +0 club.
You shoot an arrow. The arrow hits the gnoll!
The gnoll is heavily wounded.
The gnoll hits you with a +0 club. The gnoll completely misses you.
The iguana barely misses you. The iguana attacks as you move away!
The iguana bites you!
* * * LOW HITPOINT WARNING * * *
You are too injured to fight recklessly!
You are too injured to fight recklessly!
You shoot an arrow. The arrow completely misses the iguana.
The arrow barely misses the gnoll.
The iguana misses you.
You shoot an arrow. The arrow hits the iguana.
The iguana is moderately wounded.
The iguana attacks as you move away! The iguana bites you.
* * * LOW HITPOINT WARNING * * *
You shoot an arrow. The arrow barely misses the iguana.
The arrow hits the gnoll!
You kill the gnoll!
The iguana bites you.
* * * LOW HITPOINT WARNING * * *
You shoot an arrow.
The arrow hits the iguana but does no damage.
The iguana is moderately wounded.
The iguana bites you!
You die...

....##†.#.
........#
.##.#...#
..:...#
..##)# #.
#.####
#{o...
#l#### #@#
#.# #.#
#.# ..#


You could see an iguana and an orc wizard.

Vanquished Creatures
  Sigmund (D:3)
  An ogre (D:4)
  A phantom (D:3)
  A hound (D:3)
  An orc priest (D:5)
  3 gnolls
  2 adders (D:2)
  A worm (D:3)
  A dart slug (D:2)
  5 orcs
  8 endoplasms
  2 giant cockroaches
  3 goblins
  3 hobgoblins
  2 jackals (D:3)
  4 quokkas
  4 ball pythons
  7 bats
  A frilled lizard (D:3)
  4 kobolds
  4 rats
59 creatures vanquished.

Notes
Turn   | Place    | Note
-------+----------+-------------------------------------------
     0 | D:1      | Newt the Kobold Hunter began the quest for the Orb.
     0 | D:1      | Reached XP level 1. HP: 12/12 MP: 1/1
   165 | D:1      | Found a faded altar of an unknown god.
   190 | D:1      | Reached XP level 2. HP: 18/18 MP: 2/2
   640 | D:1      | Reached XP level 3. HP: 23/23 MP: 3/3
  1185 | D:2      | Found a shimmering altar of Xom.
  1381 | D:2      | Reached XP level 4. HP: 19/30 MP: 4/4
  1510 | D:2      | Found a runed translucent door.
  1513 | D:2      | Noticed Crazy Yiuf
  1858 | D:3      | Found a white marble altar of Elyvilon.
  1884 | D:3      | Noticed a phantom
  1903 | D:3      | Killed a phantom
  1904 | D:3      | Reached skill level 5 in Fighting
  1904 | D:3      | Reached skill level 6 in Ranged Weapons
  1904 | D:3      | Reached XP level 5. HP: 11/35 MP: 5/5
  2260 | D:3      | Found Zin's Purification Station.
  2260 | D:3      | Found a glowing silver altar of Zin.
  2453 | D:3      | Noticed Sigmund
  2459 | D:3      | Killed Sigmund
  2460 | D:3      | Reached skill level 8 in Ranged Weapons
  2460 | D:3      | Reached XP level 6. HP: 40/40 MP: 6/6
  2594 | D:3      | Found a sparkling altar of Nemelex Xobeh.
  2696 | D:4      | Noticed an ogre
  2709 | D:4      | Killed an ogre
  2710 | D:4      | Reached skill level 9 in Ranged Weapons
  2710 | D:4      | Reached XP level 7. HP: 32/44 MP: 7/7
  2716 | D:5      | Entered Level 5 of the Dungeon
  3314 | D:4      | Mangled by an iguana

Illustrated notes

Levels and vault maps discovered:
D:1:      spicycebolla_green_bress_n_ham_2, layout_loops_ring,
          shapermc_ecumenical_altar_pompeii
D:2:      layout_basic, basic_altar, uniq_crazy_yiuf_cottage
D:3:      layout_rooms, zin_purify, elyvilon_altar_3,
          nemelex_spade_bored_becter, interstate_on_off, uniq_sigmund
D:4:      minmay_angry_zag, layout_rooms, serial_shops, shop
D:5:      layout_gridville, amcnicky_altar_gilded, minmay_temple_entry_ruins,
          serial_shops, shop

Skill      XL: |  1  2  3  4  5  6 |
---------------+-------------------+-----
Fighting       | 3 4 5 |  5.0
Ranged Weapons | 6 8 9 |  9.4
Dodging        | |  2.4
Stealth        | |  1.3

Action                     |  1- 3 |  4- 6 |  7- 9 || total
---------------------------+-------+-------+-------++-------
   Fire: Shortbow          |    76 |    85 |    36 ||   197
    Use: Scroll            |     2 |     4 |     3 ||     9
         Potion            |       |       |     1 ||     1
 Armour: Leather armour    |     3 |     6 |     8 ||    17
  Dodge: Dodged            |    35 |    34 |    47 ||   116

Table legend: (Time is in decaauts)
 A = Elapsed time spent in this place.
 B = Non-inter-level travel time spent in this place.
 C = Inter-level travel time spent in this place.
 D = Time resting spent in this place.
 E = Time spent auto-exploring this place.
 F = Levels seen in this place.
 G = Mean time per level.
                   A        B        C        D        E       F      G
               +--------+--------+--------+--------+--------+-----+--------+
         Total |   3344 |   3222 |    122 |    913 |   1900 |   5 |  668.8 |
       Dungeon |   3344 |   3222 |    122 |    913 |   1900 |   5 |  668.8 |
               +--------+--------+--------+--------+--------+-----+--------+

Top non-repeatable levels by time:
     D:2: 986 daAuts
     D:3: 873 daAuts
     D:1: 853 daAuts
     D:5: 568 daAuts
     D:4: 61 daAuts
